 Dungeon Crawl Stone Soup version 0.26.0-10-g1f06aea511 (webtiles) character file.

Game seed: 16277015963072318841

126 runemasterragnar the Skirmisher (level 5, 0/59 HPs)
             Began as an Ogre Delver on Jan 13, 2021.
             Succumbed to a scorpion's poison
             ... on level 4 of the Dungeon.
             The game lasted 00:02:05 (1454 turns).

runemasterragnar the Skirmisher (Ogre Delver)       Turns: 1454, Time: 00:02:05

Health: 0/59       AC:  3    Str: 16    XL:     5   Next: 10%
Magic:  5/5        EV: 10    Int: 12    God:
Gold:   50         SH:  5    Dex: 10    Spells: 4/4 levels left

rFire    . . .     SeeInvis .   a - +0 hand axe
rCold    . . .     Faith    .   (no shield)
rNeg     . . .     Spirit   .   b - +0 robe
rPois    .         Reflect  +   (helmet restricted)
rElec    .         Harm     .   (no cloak)
rCorr    .         Rampage  .   (gloves unavailable)
Will     .....                  (boots unavailable)
Stlth    ++........             i - amulet of reflection
HPRegen  0.19/turn              (no ring)
MPRegen  0.09/turn              (no ring)

@: lethally poisoned (0 -> -10)
A: large, unfitting armour, tough skin 1
a: no special abilities


You were on level 4 of the Dungeon.
You visited 1 branch of the dungeon, and saw 3 of its levels.

You collected 50 gold pieces.

Inventory:

Hand Weapons
 a - a +0 hand axe (weapon)
 l - a +1 dagger of venom
Armour
 b - a +0 robe (worn)
Jewellery
 i - an amulet of reflection (around neck)
Wands
 g - a wand of digging (1)
 h - a wand of flame (21)
Scrolls
 c - a scroll of fog
 d - a scroll of acquirement {unknown}
 e - a scroll of fear
 j - 2 scrolls of identify {unknown}
 k - a scroll of teleportation {unknown}
Potions
 f - a potion of haste


   Skills:
 * Level 6.0 Fighting
 + Level 3.0 Axes
 + Level 2.7 Dodging
 - Level 3.7 Stealth


You had 4 spell levels left.
You didn't know any spells.
Your spell library was empty.

Dungeon Overview and Level Annotations

Branches:
Dungeon (6/15)
 Temple: D:4-7

Altars:

Shops:
D:5 *

Annotations:
D:5 2 runed translucent doors


Innate Abilities, Weirdness & Mutations

You are too large for most types of armour.
You have tough skin. (AC +1)


Message History

Your Fighting skill increases to level 6!
Your Axes skill increases to level 3!
You have reached level 5!
* * * LOW HITPOINT WARNING * * *
You feel sick.
You see here a scorpion corpse.
* * * LOW HITPOINT WARNING * * *
You feel sick.
* * * LOW HITPOINT WARNING * * *
You feel sick.
* * * LOW HITPOINT WARNING * * *
You feel sick. As you open the door, it creaks loudly!
* * * LOW HITPOINT WARNING * * *
You feel sick.
Found a stone staircase leading up.
* * * LOW HITPOINT WARNING * * *
You feel sick.
There is an open door here.
You die...

.# #.......# .#
#.......# .# #.......#
.# #.....†.# .#
#.......##### .#
####......#.####### .#
#......#........ .#
#......'........ .#
#......#@..<.... .#
#......#........ .#
#......#........
.########......#..####..
.......############ +
......<# .......#
.......# .......#


There were no monsters in sight!

Vanquished Creatures
  A scorpion (D:4)
  A howler monkey (D:5)
  An orc priest (D:5)
  An adder (D:4)
  A leopard gecko (D:4)
  2 orcs (D:5)
  A giant cockroach (D:4)
  A frilled lizard (D:4)
9 creatures vanquished.

Notes
Turn   | Place    | Note
-------+----------+-------------------------------------------
     0 | D:5      | runemasterragnar the Ogre Delver began the quest for the
                  | Orb.
     0 | D:5      | Reached XP level 1. HP: 24/24 MP: 1/1
    42 | D:5      | Found a runed translucent gate.
    43 | D:5      | Found a runed translucent gate.
    49 | D:5      | Found Hecithad's Assorted Antiques.
   279 | D:4      | Reached XP level 2. HP: 8/33 MP: 2/2
   837 | D:4      | Noticed a scorpion
   971 | D:5      | Reached skill level 5 in Fighting
   971 | D:5      | Reached XP level 3. HP: 18/42 MP: 3/3
  1255 | D:6      | Noticed a bullfrog
  1292 | D:5      | Reached XP level 4. HP: 37/50 MP: 4/4
  1448 | D:4      | Reached skill level 6 in Fighting
  1448 | D:4      | Reached XP level 5. HP: 9/59 MP: 5/5
  1453 | D:4      | HP: 1/59 [poisoned by a scorpion]
  1454 | D:4      | Succumbed to a scorpion's poison

Illustrated notes

Levels and vault maps discovered:
D:4:      layout_gridville, yredelemnul_forgotten_temple_becter,
          lemuel_crystal_altar, serial_shops,
          nicolae_shop_temple_entry_statues_fountains
D:5:      layout_basic, serial_shops, kennysheep_little_box,
          ebering_ghost_gozag, minmay_manual_monstrance
D:6:      layout_rooms, xom_teletrap_fun, minmay_temple_entry_large_hall,
          grunt_potential, uniq_eustachio

Skill      XL: |  1  2  3  4 |
---------------+-------------+-----
Dodging        | 2 |  2.7
Fighting       | 5 6 |  6.0
Axes           | 3 |  3.0
Stealth        | |  3.7

Action                   |  1- 3 |  4- 6 || total
-------------------------+-------+-------++-------
Melee: Hand axe          |    31 |    16 ||    47
Evoke: Wand              |     2 |       ||     2
  Use: Scroll            |     1 |       ||     1
       Potion            |     1 |     1 ||     2
 Stab: Sleeping          |       |     1 ||     1
Armor: Robe              |     5 |     3 ||     8
Dodge: Dodged            |    21 |     7 ||    28
Block: Other             |    14 |     4 ||    18
